 Dungeon Crawl Stone Soup version 0.27-a0-1545-g3eddc1d3d3 (webtiles) character file.

Game seed: 8380369763127934917

30 HAL9000 the Sneak (level 3, -10/18 HPs)
             Began as a Vine Stalker Brigand on July 13, 2021.
             Killed by nerve-wracking pain
             ... invoked by an orc priest
              (12 damage)
             ... on level 2 of the Dungeon.
             The game lasted 00:01:41 (1303 turns).

HAL9000 the Sneak (Vine Stalker Brigand)            Turns: 1303, Time: 00:01:41

Health: -10/18     AC:  3    Str: 14    XL:     3   Next: 20%
Magic:  0/4        EV: 11    Int: 11    God:
Gold:   58         SH:  0    Dex: 15    Spells: 2/2 levels left

rFire    . . .     SeeInvis .   l - +4 dagger
rCold    . . .     Faith    .   (no shield)
rNeg     . . .     Spirit   +   b - +0 robe
rPois    .         Reflect  .   (no helmet)
rElec    .         Harm     .   c - +0 cloak
rCorr    .         Rampage  .   (no gloves)
Will     .....                  (no boots)
Stlth    +++.......             (no amulet)
HPRegen  0.06/turn              (no ring)
MPRegen  0.09/turn              (no ring)

@: no status effects
A: fangs 2, magic shield, antimagic bite, no potion heal 2
a: no special abilities


You were on level 2 of the Dungeon.
You visited 1 branch of the dungeon, and saw 2 of its levels.

You collected 58 gold pieces.

Inventory:

Hand Weapons
 l - a +4 dagger (weapon)
Missiles
 d - 7 poisoned darts (quivered)
 e - 2 curare-tipped darts
Armour
 b - a +0 robe (worn)
 c - a +0 cloak (worn)
Scrolls
 f - a scroll of teleportation {unknown}
 g - a scroll of fear {unknown}
 i - a scroll of identify {unknown}
 k - a scroll of enchant weapon {unknown}
Potions
 h - 2 potions of curing {unknown}
 j - a potion of degeneration {unknown}


   Skills:
 - Level 1.7 Fighting
 - Level 1.7 Short Blades
 - Level 1.7 Throwing
 - Level 0.7 Dodging
 + Level 6.3 Stealth


You had 2 spell levels left.
You didn't know any spells.
Your spell library was empty.

Dungeon Overview and Level Annotations

Branches:
Dungeon (2/15)

Altars:

Shops:
D:1 (


Innate Abilities, Weirdness & Mutations

You have extremely sharp teeth.
When hurt, damage is shared between your health and your magic reserves.
Your bite disrupts and absorbs the magic of your enemies.
Potions cannot restore your health.


Message History

No target in view!
No target in view!
You now have 58 gold pieces (gained 6).
Found an escape hatch in the ceiling.
Found a scroll labelled NIOKIOQ UTIRGH. 3 orcs come into view.
There are monsters nearby!
An orc priest comes into view. It is wielding a +0 short sword.
An orc comes into view. It is wielding a +0 flail.
Found 4 gold pieces.
The orc shouts! x2; The orc priest shouts!
The orc shouts! x2
You hit the orc.
The orc is heavily wounded.
The orc hits you with a +0 hand axe.
You hit the orc.
You kill the orc!
The orc hits you with a +0 club.
You hit the orc but do no damage. You bite the orc. You drain its power.
You feel invigorated.
The orc is heavily wounded.
The orc barely misses you. The orc hits you with a +0 club.
You are too injured to fight recklessly!
You barely miss the orc. You bite the orc, but do no damage.
The orc is heavily wounded.
You hit the orc. Your bite misses the orc.
The orc is almost dead.
The orc barely misses you.
You barely miss the orc.
The orc is almost dead.
The orc barely misses you.
You barely miss the orc. You bite the orc.
You kill the orc!
The orc priest mumbles some strange prayers to Beogh against you.
Beogh smites you!
* * * LOW HITPOINT WARNING * * *
The orc priest mumbles some strange prayers to Beogh against you.
Pain shoots through your body!
Ouch! That really hurt!
You die...

#.#
#####.######.#
#.# ##...#####.#
#.# ##..........#
#.#
###....o..#####
#.#
#.......o....#
#.#
#.#..>....##.#
####.#
#.##.....o##.##
.....#
#.###...#.#...
###### #.#
##..#@#..# #.#
##.#.#..#
#.#####.#.#..#
#........<...#
######.#..#.##
#....###...#
#.###.#..########
#.# ##...........
#.# ###.########


You could see an orc priest and 2 orcs.

Vanquished Creatures
  2 orcs (D:2)
  2 ball pythons (D:1)
  2 bats
  3 endoplasms
  2 giant cockroaches (D:1)
  4 goblins
  A hobgoblin (D:1)
  3 kobolds (D:1)
  A quokka (D:1)
  2 frilled lizards (D:1)
  2 rats
24 creatures vanquished.

Notes
Turn   | Place    | Note
-------+----------+-------------------------------------------
     0 | D:1      | HAL9000 the Vine Stalker Brigand began the quest for the
                  | Orb.
     0 | D:1      | Reached XP level 1. HP: 11/11 MP: 2/2
    61 | D:1      | Reached skill level 5 in Stealth
   148 | D:1      | Reached XP level 2. HP: 15/15 MP: 3/3
   266 | D:1      | Found Nibufu's Antique Weapon Shoppe.
   880 | D:1      | Reached skill level 6 in Stealth
  1078 | D:2      | Reached XP level 3. HP: 14/18 MP: 2/4
  1303 | D:2      | Killed from afar by an orc priest

Illustrated notes

Levels and vault maps discovered:
D:1:      lemuel_arrival_tunnels, layout_basic, serial_shops,
          nicolae_lakefront_shop
D:2:      cheibrodos_pilgrimage, layout_loops_ring, grunt_decor_fettered,
          minmay_tetromino_i2

Skill      XL: |  1  2 |
---------------+-------+-----
Stealth        | 5 6 |  6.3
Fighting       | |  1.7
Short Blades   | |  1.7
Throwing       | |  1.7
Dodging        | |  0.7

Action                   || total
-------------------------++-------
Melee: Dagger            ||    44
       Bite              ||    16
Throw: Dart              ||    14
 Stab: Sleeping          ||     2
Armor: Robe              ||     9
Dodge: Dodged            ||    21

Table legend: (Time is in decaauts)
 A = Elapsed time spent in this place.
 B = Non-inter-level travel time spent in this place.
 C = Inter-level travel time spent in this place.
 D = Time resting spent in this place.
 E = Time spent auto-exploring this place.
 F = Levels seen in this place.
 G = Mean time per level.
                   A        B        C        D        E       F      G
               +--------+--------+--------+--------+--------+-----+--------+
         Total |   1297 |   1261 |     36 |    188 |    932 |   2 |  648.5 |
       Dungeon |   1297 |   1261 |     36 |    188 |    932 |   2 |  648.5 |
               +--------+--------+--------+--------+--------+-----+--------+

Top non-repeatable levels by time:
     D:1: 1005 daAuts
     D:2: 292 daAuts
